 Dungeon Crawl Stone Soup version 0.17-a0-1711-gc5340a3 (webtiles) character file.

746 kae the Arsonist (level 7, -2/36 HPs)
             Began as a Tengu Fire Elementalist on Aug 22, 2015.
             Slain by an ice beast (9 damage)
             ... on level 5 of the Dungeon.
             The game lasted 00:09:48 (6220 turns).

kae the Arsonist (Tengu Fire Elementalist)          Turns: 6220, Time: 00:09:48

Health: -2/36      AC:  1    Str:  8    XL:     7   Next: 77%
Magic:  1/11       EV: 12    Int: 18    God:
Gold:   254        SH:  6    Dex: 14    Spells: 3 memorised, 4 levels left

rFire  . . .     SeeInvis .     j - +0 whip
rCold  . . .     Clarity  .     a - +0 robe
rNeg   . . .     SustAt   .     l - +3 buckler
rPois  +         Gourm    .     (helmet restricted)
rElec  .         Spirit   .     q - +0 cloak
rCorr  .         Warding  .     (no gloves)
rMut   .         Stasis   .     (boots unavailable)
MR     .....                    w - amulet of regeneration
Stlth  ++........               y - -2 ring of protection (curse)
                                B - ring of poison resistance

@: not resistant to hostile enchantments, unstealthy
A: beak, talons 3, able to fly 1
a: Fly


You were on level 5 of the Dungeon.
You were not hungry.

You visited 2 branches of the dungeon, and saw 6 of its levels.
You also visited: Ossuary.

You collected 254 gold pieces.

Inventory:

Hand weapons
 j - a +0 whip (weapon)
 o - a +1 spear
Armour
 a - a +0 robe (worn)
 l - a +3 buckler (worn)
 q - a +0 cloak (worn)
Jewellery
 d - an uncursed amulet of resist corrosion {unknown}
 n - an uncursed ring of stealth
 t - a +2 ring of evasion
 w - an amulet of regeneration (around neck)
 y - a cursed -2 ring of protection (right hand)
 B - a ring of poison resistance (left hand)
Magical devices
 D - a wand of slowing (26)
Scrolls
 g - 5 scrolls of identify
 i - 2 scrolls of enchant armour
 r - a scroll of amnesia
 u - 2 scrolls of teleportation
 x - a scroll of fog
 C - 2 scrolls of remove curse
Potions
 e - 3 potions of curing
 h - a potion of haste {unknown}
 k - a potion of degeneration {unknown}
 m - a potion of agility {unknown}
 p - a potion of lignification {unknown}
 s - 2 potions of brilliance {unknown}
 v - 2 potions of heal wounds {unknown}
 z - a potion of resistance {unknown}
 A - a potion of poison {unknown}
Books
 b - a book of Flames

   Spells                             Type                      Level
   a - Flame Tongue                   Conjuration/Fire             1
   b - Throw Flame                    Conjuration/Fire             2
   c - Conjure Flame                  Conjuration/Fire             3
   d - Inner Flame                    Hexes/Fire                   3
   e - Sticky Flame                   Conjuration/Fire             4
   f - Fireball                       Conjuration/Fire             5
 E - a book of the Warp

   Spells                             Type                      Level
   a - Recall                         Summoning/Translocation      3
   b - Gell's Gravitas                Hexes/Translocation          3
   c - Force Lance                    Conjuration/Translocation    4
   d - Phase Shift                    Translocation                5
   e - Warp Weapon                    Charms/Translocation         5
   f - Summon Forest                  Summoning/Translocation      5
Comestibles
 c - 5 bread rations
 f - 3 meat rations


   Skills:
 - Level 2.1 Dodging
 - Level 2.0 Stealth
 - Level 2.0 Spellcasting
 - Level 1.3 Conjurations
 + Level 9.7 Fire Magic


You had 4 spell levels left.
You knew the following spells:

 Your Spells              Type           Power        Failure   Level  Hunger
a - Flame Tongue          Conj/Fire      ###..        3%          1    #......
b - Throw Flame           Conj/Fire      ###...       6%          2    ###....
c - Conjure Flame         Conj/Fire      ###.....     12%         3    ###....


Dungeon Overview and Level Annotations

Branches:
Dungeon (5/15)             Temple (1/1) D:4

Altars:
Dithmenos
Fedhas
Gozag
Kikubaaqudgha
Makhleb
Nemelex Xobeh
Sif Muna
Trog
Yredelemnul
Zin

Shops:
D:4 [


Innate Abilities, Weirdness & Mutations

You have a beak for a mouth.
You have claws for feet.
You can fly.


Message History

The ice beast is heavily wounded.
The ice beast hits you. The ice beast freezes you!
* * * LOW HITPOINT WARNING * * *
You are too injured to fight recklessly!
You are too injured to fight recklessly!
You are too injured to fight recklessly!
You are too injured to fight recklessly!
You are too injured to fight recklessly!
You are too injured to fight recklessly!
Casting: Flame Tongue
Confirm with . or Enter, or press ? or * to list all spells.
Aiming: Flame Tongue
Press: ? - help, Shift-Dir - straight line, f/p - ice beast
Aim: an ice beast (heavily wounded)
The flame tongue hits the ice beast.
The ice beast melts!
The ice beast is severely wounded.
The ice beast hits you.
* * * LOW HITPOINT WARNING * * *
The ice beast freezes you!
You die...

...................(.......+.....
....#######'#######........#.....
....# #.# #........#..... ....#
#####.##### #........#..... ....#
#...+.'...# #........#..... ....#
#.###.###.# #.#....####...# ....#
#.# #.# #.# #.#....####...#
....###'###.###'###.......#......
....'..........Y@.+.......#......
....###'###.###'###.......+.(....
....# #.# #.# #.# #.##...##.....#
....# #.###.###.# #..#...##.....#
....# #...'.'...# #..'...........
....# #####.##### #..#...........
....# #.# #..#........... ....#
##+#######..##+#####'### .....
...........##...####...#


You could see an ice beast.

Vanquished Creatures
  Duvessa (D:4)
  An ogre (D:4)
  A scorpion (D:4)
  Dowan (D:4)
  A centaur zombie (D:5)
  2 orc priests
  Crazy Yiuf (D:4)
  An orc wizard (D:3)
  4 worker ants
  A worker ant zombie (D:5)
  4 gnolls
  7 adders
  A shadow imp (D:5)
  3 oozes (D:4)
  2 worms
  A giant gecko (D:3)
  19 orcs
  A ball python (D:5)
  6 bats
  5 giant cockroaches
  9 goblins
  4 hobgoblins (D:1)
  4 jackals (D:2)
  A quokka (D:2)
  3 giant newts
  4 kobolds
  A quokka zombie (D:4)
  4 rats
  A rat zombie (D:4)
94 creatures vanquished.

Notes
Turn   | Place    | Note
--------------------------------------------------------------
     0 | D:1      | kae the Tengu Fire Elementalist began the quest for the Orb.
     0 | D:1      | Reached XP level 1. HP: 10/10 MP: 4/4
   127 | D:1      | Reached XP level 2. HP: 13/15 MP: 0/6
   187 | D:1      | Reached skill level 4 in Fire Magic
   661 | D:1      | Reached XP level 3. HP: 19/19 MP: 4/7
  1076 | D:2      | Reached skill level 5 in Fire Magic
  1434 | D:2      | Found an ancient bone altar of Kikubaaqudgha.
  1462 | D:2      | Reached XP level 4. HP: 10/24 MP: 8/8
  2429 | D:3      | Learned a level 2 spell: Throw Flame
  2433 | D:3      | Learned a level 3 spell: Conjure Flame
  2517 | D:3      | Reached skill level 6 in Fire Magic
  2525 | D:3      | Gained mutation: You can fly. [Tengu growth]
  2525 | D:3      | Reached XP level 5. HP: 18/28 MP: 0/9
  3505 | D:3      | Reached skill level 7 in Fire Magic
  3760 | D:4      | Noticed an ogre
  3766 | D:4      | Killed an ogre
  3766 | D:4      | Reached XP level 6. HP: 32/32 MP: 1/10
  3948 | D:4      | Found a sand-covered staircase.
  3948 | D:4      | Noticed Dowan
  3955 | D:4      | Noticed Duvessa
  3969 | D:4      | HP: 1/32 [Dowan/dagger (4)]
  4136 | Ossuary  | Entered an ossuary
  4608 | D:4      | Reached skill level 8 in Fire Magic
  4715 | D:4      | Found Zykos's Armour Boutique.
  4788 | D:4      | Found a blossoming altar of Fedhas.
  4839 | D:4      | Killed Dowan
  4839 | D:4      | Reached XP level 7. HP: 36/36 MP: 5/11
  5009 | D:4      | Killed Duvessa
  5171 | D:4      | Noticed Crazy Yiuf
  5180 | D:4      | Killed Crazy Yiuf
  5180 | D:4      | Reached skill level 9 in Fire Magic
  5245 | D:4      | Found a staircase to the Ecumenical Temple.
  5437 | Temple   | Entered the Ecumenical Temple
  5566 | D:5      | Entered Level 5 of the Dungeon
  5903 | D:5      | Found a sparkling altar of Nemelex Xobeh.
  5903 | D:5      | Found an opulent altar of Gozag.
  6220 | D:5      | Slain by an ice beast

Vault maps used:
D:1:      matt_arrival_grand_opening
D:2:      kiku_gazebo_garden_becter, kennysheep_generic_room_5
D:4:      kennysheep_little_box, temple_hall, serial_shops, shop,
          enter_ossuary_4, wad_rectangle_vault, uniq_duvessa,
          uniq_crazy_yiuf_cottage
D:5:      grunt_temple_overflow_opulence, gammafunk_temple_overflow_wave,
          first_bread, minmay_door_square, st_stairs_9
Temple:   circular_temple_6
Ossuary:  ossuary_zaba_flooded

Action                   |  1- 3 |  4- 6 |  7- 9 || total
-------------------------+-------+-------+-------++-------
Melee: Unarmed           |     5 |       |       ||     5
       Whip              |    20 |    46 |    31 ||    97
 Cast: Flame Tongue      |    47 |   112 |    48 ||   207
       Throw Flame       |       |     9 |     7 ||    16
       Conjure Flame     |       |     3 |     1 ||     4
  Use: Scroll            |       |    13 |     2 ||    15
       Potion            |       |     2 |       ||     2
 Stab: Sleeping          |       |     3 |     2 ||     5
       Distracted        |       |     1 |       ||     1
  Eat: Chunk             |     2 |    12 |     6 ||    20
       Beef jerky        |       |       |     1 ||     1
